 Dungeon Crawl Stone Soup version 0.27.1-33-g824d729ab1 (webtiles) character file.

Game seed: 14824694619867623300

181 zeram the Poker (level 5, 0/38 HPs)
             Began as a Merfolk Gladiator on Nov 28, 2021.
             Was an Initiate of Gozag.
             Slain by an iguana (10 damage)
             ... on level 3 of the Dungeon.
             The game lasted 00:04:08 (3678 turns).

zeram the Poker (Merfolk Gladiator)                 Turns: 3678, Time: 00:04:08

Health: 0/38       AC:  4    Str: 14    XL:     5   Next: 61%
Magic:  5/5        EV: 14    Int:  8    God:    Gozag
Gold:   92         SH:  0    Dex: 16    Spells: 4/4 levels left

rFire    . . .     SeeInvis .   a - +0 trident
rCold    . . .     Faith    .   (no shield)
rNeg     . . .     Spirit   .   b - +0 leather armour
rPois    .         Reflect  .   q - +0 helmet
rElec    .         Harm     .   (no cloak)
rCorr    .         Rampage  .   (no gloves)
Will     .....                  (no boots)
Stlth    +.........             (no amulet)
HPRegen  0.12/turn              (no ring)
MPRegen  0.09/turn              (no ring)

@: no status effects
A: (nimble swimmer 2), mertail
a: Renounce Religion, Potion Petition, Call Merchant, Bribe Branch


You were on level 3 of the Dungeon.
You worshipped Gozag.
Gozag was noncommittal.
You visited 2 branches of the dungeon, and saw 5 of its levels.

You collected 137 gold pieces.
You paid 45 gold pieces to Gozag.

Inventory:

Hand Weapons
 a - a +0 trident (weapon)
Missiles
 d - 3 throwing nets (quivered)
Armour
 b - a +0 leather armour (worn)
 c - a +0 helmet
 q - a +0 helmet (worn)
Jewellery
 e - a ring of wizardry
 o - a +4 ring of evasion
Wands
 t - a wand of polymorph (5)
Scrolls
 f - 3 scrolls of immolation {unknown}
 g - 3 scrolls of identify {unknown}
 k - a scroll of brand weapon {unknown}
 l - a scroll of fog {unknown}
 n - a scroll of noise {unknown}
 p - 3 scrolls of fear {unknown}
 r - a scroll of holy word {unknown}
Potions
 h - 2 potions of mutation {unknown}
 i - a potion of curing {unknown}
 j - a potion of attraction {unknown}
 m - 2 potions of haste {unknown}
 s - a potion of brilliance {unknown}


   Skills:
 - Level 2.1 Fighting
 + Level 7.8 Polearms
 - Level 2.0 Throwing
 + Level 5.5 Dodging


You had 4 spell levels left.
You didn't know any spells.
Your spell library was empty.

Dungeon Overview and Level Annotations

Branches:
Dungeon (4/15)             Temple (1/1) D:4

Altars:
Ashenzari
Cheibriados
Dithmenos
Elyvilon
Fedhas
Gozag
Makhleb
Nemelex Xobeh
Okawaru
Ru
Sif Muna
Trog
Uskayaw
Wu Jian
Yredelemnul
The Shining One


Innate Abilities, Weirdness & Mutations

((You are quick and stealthy near water. (Stealth+, EV+, Speed+++)))
Your lower body shifts to a powerful aquatic tail in water.


Message History

There is a stone staircase leading up here.
The water moccasin skeleton misses you. The iguana barely misses you.
The water moccasin skeleton bites you.
You climb upwards.
There is a stone staircase leading down here.
You hit the iguana but do no damage. The iguana bites you.
Okay, then.
You barely miss the iguana. The iguana completely misses you.
You hit the iguana.
The iguana is lightly wounded.
The iguana bites you!
You hit the iguana but do no damage.
The iguana is lightly wounded.
You hit the iguana.
The iguana is heavily wounded.
The iguana closely misses you.
You barely miss the iguana.
The iguana is heavily wounded.
The iguana barely misses you.
You hit the iguana but do no damage.
The iguana is heavily wounded.
The iguana closely misses you.
You hit the iguana.
The iguana is heavily wounded.
The iguana closely misses you.
You hit the iguana.
The iguana is severely wounded.
The iguana barely misses you.
You barely miss the iguana.
The iguana is severely wounded.
The iguana bites you!
* * * LOW HITPOINT WARNING * * *
You hit the iguana but do no damage.
The iguana is severely wounded.
The iguana misses you.
You hit the iguana but do no damage.
The iguana is severely wounded.
The iguana bites you!
You die...
Your body crumbles into a pile of gold.

.##.#.###...#
#...#...##.###
#.#####.##†#.##
#...#.........##
.##.#......#.#.##
..........#####.##
####.##.#.# #..#
#.##.#.## ##l.#
####.##.##.###.#@#
........###...##.#
####.#######.###.##
.##...####..#.....#
.........).#.###..#
.##.......†..# #..#
.....#.####### #..#
###..#.# #..#
.##....# #..#


You could see an iguana.

Vanquished Creatures
  An orc priest (D:3)
  Jessica (D:2)
  4 adders
  2 worms (D:3)
  4 dart slugs
  7 orcs
  9 endoplasms
  2 giant cockroaches
  A hobgoblin (D:3)
  13 jackals
  5 kobolds
  2 quokkas
  3 ball pythons
  4 bats
  2 frilled lizards
  A goblin (D:2)
  7 rats
68 creatures vanquished.

Notes
Turn   | Place    | Note
-------+----------+-------------------------------------------
     0 | D:1      | zeram the Merfolk Gladiator began the quest for the Orb.
     0 | D:1      | Reached XP level 1. HP: 16/16 MP: 1/1
   452 | D:1      | Reached XP level 2. HP: 21/22 MP: 2/2
   468 | D:1      | Reached skill level 5 in Polearms
   915 | D:1      | Reached XP level 3. HP: 24/27 MP: 3/3
  1166 | D:1      | Found a faded altar of an unknown god.
  1472 | D:2      | Reached skill level 6 in Polearms
  1481 | D:2      | Reached skill level 5 in Dodging
  1481 | D:2      | Reached XP level 4. HP: 28/33 MP: 4/4
  1642 | D:2      | Noticed Jessica
  1652 | D:2      | Killed Jessica
  2295 | D:3      | Reached skill level 7 in Polearms
  2351 | D:3      | Reached XP level 5. HP: 38/38 MP: 5/5
  3166 | D:4      | Found a staircase to the Ecumenical Temple.
  3179 | Temple   | Entered the Ecumenical Temple
  3343 | Temple   | Became a worshipper of Gozag Ym Sagoz the Greedy
  3678 | D:3      | Slain by an iguana

Illustrated notes

Levels and vault maps discovered:
D:1:      lightli_iron_boxes, layout_loops_corners,
          shapermc_ecumenical_altar_acropolis
D:2:      layout_rooms, minmay_hedge_maze, uniq_jessica
D:3:      layout_loops_ring
D:4:      layout_cave_pools, minmay_temple_entry_mini_moons,
          hangedman_abyss_or_decor_stabs, uniq_menkaure
Temple:   eino_temple_rhombus

Skill      XL: |  1  2  3  4 |
---------------+-------------+-----
Polearms       | 5 6 7 |  7.8
Dodging        | 5 |  5.5
Fighting       | |  2.1
Throwing       | |  2.0

Action                   |  1- 3 |  4- 6 || total
-------------------------+-------+-------++-------
Melee: Trident           |   100 |   139 ||   239
 Stab: Sleeping          |     2 |     3 ||     5
Armor: Leather armour    |    22 |    27 ||    49
Dodge: Dodged            |    61 |    70 ||   131
